Map: Coda LE (Void)

Players

GimliTerran (iaguz) - Winner!

  • Race: Terran Terran

Fenna (fenn3r)

  • Race: Zerg Zerg

VOD

Have the link to the VOD?

Description

Time

  • Played on: April 29, 2015, 6:11 p.m.
  • Length: 4:42
Show
View Real Time Build Order
Export as new Build Order

GimliTerran Terran - Winner!

Build Orders:  

Get SALT Encoding   

  12  0:01  SCV  
  13  0:13  SCV  
  14  0:17  Supply Depot  
  14  0:25  SCV  
  15  0:39  SCV  
  15  0:41  Barracks  
  16  0:44  Refinery  
  16  0:51  SCV  
  17  1:03  SCV  
  18  1:13  Barracks  
  18  1:15  SCV  
  19  1:28  Orbital Command  
  19  1:29  Reaper  
  20  1:36  Barracks  
  20  1:43  Refinery  
  20  1:51  Supply Depot  
  20  1:53  SCV  
  21  2:01  Reaper  
  22  2:04  Reaper  
  23  2:12  SCV  
  24  2:17  Barracks  
  24  2:24  SCV  
  25  2:30  Reaper  
  25  2:34  Supply Depot  
  26  2:38  Reaper  
  26  2:39  Reaper  
  26  2:40  SCV  
  29  2:52  SCV, Barracks  
  29  2:57  Barracks  
  30  3:05  Reaper  
  31  3:11  Reaper  
  32  3:13  Reaper  
  33  3:22  Reaper  
  34  3:33  SCV  
  35  3:37  Supply Depot, Reaper  
  35  3:40  Reaper  
  37  3:43  Reaper  
  37  3:45  SCV  
  39  3:59  SCV, Reaper x2  
  40  4:18  SCV  
Show
View Real Time Build Order
Export as new Build Order

Fenna Zerg 

Build Orders: Hatch First 

Get SALT Encoding   

  12  0:01  Drone  
  13  0:08  Drone  
  14  0:15  Drone, Extractor  
  15  0:39  Hatchery  
  14  0:44  Drone, Extractor  
  15  0:58  Spawning Pool  
  14  1:04  Extractor  
  14  1:05  Drone  
  14  1:08  Extractor  
  14  1:09  Drone  
  16  1:14  Overlord  
  16  1:33  Drone x2  
  18  1:45  Queen  
  18  1:46  Zergling x2  
  21  1:50  Queen  
  21  1:51  Zergling x2  
  21  1:54  Zergling x2  
  25  2:00  Overlord  
  25  2:03  Drone  
  26  2:10  Drone  
  27  2:16  Drone  
  27  2:20  Queen  
  29  2:32  Drone  
  29  2:36  Queen  
  32  2:37  Drone x2  
  32  2:40  Overlord  
  34  2:46  Overlord  
  34  2:51  Drone  
  34  2:56  Drone  
  36  3:04  Drone x4  
  40  3:06  Drone x2  
  42  3:19  Queen x2  
  41  3:31  Overlord  
  41  3:38  Extractor x2  
  39  3:50  Overlord  
  39  3:53  Drone x10  
  49  3:56  Roach Warren  
  49  4:02  Queen  
Tags
 
Add a new tag
Caveats
  • Supply blocks, unpowered buildings, or Contaminate may cause inaccurate times.
  • Supply counts are checked every 10 seconds.